 Dungeon Crawl Stone Soup version 0.31.0-32-g396128a36d (webtiles) character file.

Game seed: 1410562360274535588

123 PaiMei the Grave Robber (level 4, 0/30 HPs)
             Began as a Demonspawn Necromancer on Apr 25, 2024.
             Slain by an orc wizard
             ... wielding a +0 dagger
              (1 damage)
             ... on level 5 of the Dungeon.
             The game lasted 00:03:25 (3294 turns).

PaiMei the Grave Robber (Demonspawn Necromancer)    Turns: 3294, Time: 00:03:25

Health: 0/30       AC:  4    Str:  6 (9)  XL:     4   Next: 80%
Magic:  1/8        EV: 12    Int: 16 (17) God:
Gold:   54         SH:  0    Dex: 11 (13) Spells: 4/8 levels left

rFire   . . .        c - +2 dagger (venom)
rCold   . . .        (no shield)
rNeg    . . .        a - +0 robe
rPois   .            (no helmet)
rElec   .            (no cloak)
rCorr   .            (no gloves)
SInv    .            (no boots)
Will    .....        (no amulet)
Stlth   +            (no ring)
HPRegen 0.25/turn    (no ring)
MPRegen 0.11/turn

%: no passive effects
@: confused
A: yellow scales 1, ignite blood 1, powered by pain 1
a: no special abilities


You were on level 5 of the Dungeon.
You visited 1 branch of the dungeon, and saw 5 of its levels.

You collected 54 gold pieces.

Inventory:

Hand Weapons
 c - a +2 dagger of venom (weapon)
Armour
 a - a +0 robe (worn)
Jewellery
 f - an amulet of faith
Scrolls
 d - 3 scrolls of identify {unknown}
 e - a scroll of silence {unknown}
 i - a scroll of enchant armour {unknown}
 j - a scroll of noise {unknown}
 k - a scroll of brand weapon {unknown}
 n - a scroll of butterflies {unknown}
Potions
 b - a potion of magic
 h - a potion of curing {unknown}
 l - a potion of attraction {unknown}
 m - a potion of lignification {unknown}


   Skills:
 + Level 2.7 Dodging
 + Level 2.9 Stealth
 + Level 2.8 Spellcasting
 + Level 5.1 Necromancy


You had 4 spell levels left.
You knew the following spells:

 Your Spells              Type           Power      Damage    Failure   Level
a - Necrotise             Necr           72%        1d7       2%          1
b - Vampiric Draining     Necr           18%        2d7       7%          3

Your spell library contained the following spells:

 Spells                   Type           Power      Damage    Failure   Level
 Kiss of Death            Conj/Necr      40%        2d8       7%          1
 Apportation              Tloc           4%         N/A       19%         1
 Foxfire                  Conj/Fire      8%         2x1d4     19%         1
 Animate Dead             Necr           18%        N/A       24%         4
 Volatile Blastmotes      Fire/Tloc      4%         2d10      50%         3
 Fulminant Prism          Conj/Alch      1%         3d5       88%         4
 Iskenderun's Mystic Bla  Conj/Tloc      2%         2d3       88%         4
 Curse of Agony           Necr           18%        N/A       54%         5


Dungeon Overview and Level Annotations

Branches:
Dungeon (6/15)
 Temple: D:4-7

Altars:

Shops:
D:1 ?   D:6 !

Annotations:
D:2 Robin


Innate Abilities, Weirdness & Mutations

You are partially covered in yellow scales. (AC +2)
Your demonic aura sometimes causes spilled blood to erupt in flames.
You sometimes gain a little power by taking damage.


Message History

You kill the orc priest!
You feel life coursing into your body. The orc closely misses you.
Something hits you. Something hits you but does no damage.
Something barely misses you. Something hits you.
There is a stone staircase leading up here.
Something hits you but does no damage.
You climb upwards.
You hear the hiss of flowing sand.
There is an entrance to an ossuary on this level.
Hurry and find it before the portal is buried!
Reactivating autopickup.
There is a stone staircase leading down here.
You start resting.
Something hits you.
Deactivating autopickup; reactivate with Ctrl-A.
Something hits you but does no damage.
You hear some strange, mumbled words.
A magic dart appears from out of thin air!
The magic dart hits you!
* * * LOW HITPOINT WARNING * * *
There is a stone staircase leading down, spattered with blood here.
Casting: Vampiric Draining (quite dangerous; 7% risk of failure)
Confirm with . or Enter, or press ? or * to list all spells.
Aiming: Necrotise (safe; 2% risk of failure)
Press: ? - help, Shift-Dir - straight line Nothing appears to happen.
You hear some strange, mumbled words.
You are confused.
You're too confused to cast spells.
Unknown command.
Unknown command.
You bump into the rock wall.
Something hits you.
* * * LOW HITPOINT WARNING * * *
You bump into the rock wall.
Something hits you.
* * * LOW HITPOINT WARNING * * *
It was a potion of degeneration.
There was something very wrong with that liquid.
You feel weakened.
You feel dopey.
You feel clumsy. Something hits you.
You die...

#######
#.....
#.#..
#.#.# #
#.#.#
#.#{..#
#..@.#
######


There were no monsters in sight!

Vanquished Creatures
  A howler monkey (D:6)
  An orc priest (D:6)
  A ribbon worm (D:2)
  2 ball pythons
  6 bats
  8 endoplasms
  4 giant cockroaches
  8 goblins
  7 hobgoblins
  7 kobolds
  5 frilled lizards
  6 rats
56 creatures vanquished.

Notes
Turn   | Place    | Note
-------+----------+-------------------------------------------
     0 | D:1      | PaiMei the Demonspawn Necromancer began the quest for the
                  | Orb.
     0 | D:1      | Reached XP level 1. HP: 13/13 MP: 3/3
   287 | D:1      | Gained mutation: You sometimes gain a little power by
                  | taking damage. [demonic ancestry]
   287 | D:1      | Reached XP level 2. HP: 19/19 MP: 0/5
   871 | D:1      | Found Moteil's Magic Scroll Boutique.
   953 | D:1      | Gained mutation: Your demonic aura sometimes causes spilled
                  | blood to erupt in flames. [demonic ancestry]
   953 | D:1      | Reached XP level 3. HP: 24/24 MP: 3/6
   957 | D:1      | Learned a level 3 spell: Vampiric Draining
  1526 | D:2      | Noticed Robin
  3183 | D:3      | Got Gaanobb's Introduction to the Sibylline Arts
  3235 | D:3      | You fall into a shaft and drop 3 floors!
  3256 | D:6      | Found Yzymost's Distillery.
  3277 | D:6      | Reached skill level 5 in Necromancy
  3277 | D:6      | Gained mutation: You are partially covered in yellow
                  | scales. (AC +2) [demonic ancestry]
  3277 | D:6      | Reached XP level 4. HP: 7/30 MP: 6/8
  3287 | D:5      | Entered Level 5 of the Dungeon
  3293 | D:5      | HP: 1/30 [something (2)]
  3294 | D:5      | Slain by an orc wizard

Illustrated notes

Levels and vault maps discovered:
D:1:      nicolae_arrival_escape_room, layout_basic, serial_shops,
          nicolae_shop_behind_doors
D:2:      layout_loops_corners, serial_rivers, chequers_serial_rivers_large_a,
          chequers_serial_rivers_small_b, chequers_serial_rivers_small_b,
          chequers_serial_rivers_micro_b, serial_bayou_pond_b,
          hangedman_abyss_or_decor_stabs, uniq_robin
D:3:      layout_basic, nicolae_grassy_gnolls
D:5:      layout_basic, chequers_ossuary_entry_cave, uniq_eustachio
D:6:      layout_loops_ring, minmay_temple_entry_fiery, serial_shops,
          nicolae_shop_stone, nicolae_twisty_statue_hallways, uniq_maggie

Skill      XL: |  1  2  3 |
---------------+----------+-----
Stealth        | 2 |  2.9
Dodging        | 2 |  2.7
Necromancy     | 5 |  5.1
Spellcasting   | |  2.8

Action                     |  1- 3 |  4- 6 || total
---------------------------+-------+-------++-------
  Melee: Dagger            |    32 |       ||    32
   Cast: Necrotise         |    89 |     1 ||    90
         Vampiric Draining |       |     2 ||     2
    Use: Potion            |       |     1 ||     1
 Armour: Robe              |    24 |    10 ||    34
  Dodge: Dodged            |    41 |     3 ||    44
